 Dungeon Crawl Stone Soup version 0.20-a0-556-g892c87b (webtiles) character file.

25835 drasked the Severer (level 12, 0/112 HPs)
             Began as a Minotaur Berserker on Feb 6, 2017.
             Was the Champion of Trog.
             Succumbed to a queen ant's poison
             ... on level 2 of the Lair of Beasts.
             The game lasted 00:37:24 (16009 turns).

drasked the Severer (Minotaur Berserker)           Turns: 16009, Time: 00:37:25

Health: 0/112      AC: 17    Str: 24    XL:     12   Next: 93%
Magic:  3/3        EV:  8    Int:  8    God:    Trog [******]
Gold:   720        SH:  0    Dex:  9    Spells: 11/11 levels left

rFire    . . .     SeeInvis .   B - +2 battleaxe (antimagic)
rCold    . . .     Gourm    .   a - +0 plate armour
rNeg     . . .     Faith    .   (shield currently unavailable)
rPois    .         Spirit   .   (helmet restricted)
rElec    .         Reflect  .   w - +0 cloak
rCorr    .         Harm     .   (no gloves)
MR       .....                  (no boots)
Stlth    ..........             (no amulet)
Regen    0.3/turn               (no ring)
                                (no ring)

@: lethally poisoned (0 -> -97), exhausted, slowed, very slow
A: retaliatory headbutt, horns 2
a: Berserk, Trog's Hand, Brothers in Arms, Burn Spellbooks, Renounce Religion


You were on level 2 of the Lair of Beasts.
You worshipped Trog.
Trog was exalted by your worship.
You were hungry.

You visited 2 branches of the dungeon, and saw 12 of its levels.
You also visited: Ossuary.

You collected 856 gold pieces.
You spent 136 gold pieces at shops.

Inventory:

Hand Weapons
 B - a +2 antimagic battleaxe (weapon)
   (Trog gifted it to you on level 2 of the Lair of Beasts)
 J - a +2 antimagic battleaxe
   (Trog gifted it to you on level 9 of the Dungeon)
Armour
 a - a +0 plate armour (worn)
   (You took it off an orc warrior on level 9 of the Dungeon)
 w - a +0 cloak (worn)
   (You found it on level 3 of the Dungeon)
Jewellery
 y - a +3 ring of evasion {unknown}
   (You found it on level 1 of the Lair of Beasts)
 E - a cursed -2 ring of protection {unknown}
   (You found it on level 2 of the Lair of Beasts)
Wands
 b - a wand of random effects (21/48)
   (You found it on level 10 of the Dungeon)
 D - a wand of iceblast (10/15)
   (You found it on level 7 of the Dungeon)
Scrolls
 d - a scroll of immolation {!r}
 e - 5 scrolls of blinking {!r}
 g - 7 scrolls of remove curse
 h - a scroll of acquirement {unknown}
 i - 6 scrolls of teleportation
 m - 9 scrolls of identify
 v - a scroll of enchant armour {unknown}
 A - a scroll of fog
 F - a scroll of enchant weapon {unknown}
Potions
 f - a potion of experience
 j - a potion of agility
 k - 4 potions of brilliance
 l - 5 potions of flight
 n - 6 potions of haste
 o - a potion of ambrosia
 p - 5 potions of curing
 r - a potion of might
 t - 3 potions of lignification {!q}
 u - 3 potions of heal wounds
 x - a potion of magic {unknown}
 z - a potion of cancellation
Books
 C - a book of Summonings
   (You found it on level 2 of the Lair of Beasts)
 G - a book of Party Tricks
   (You found it on level 2 of the Lair of Beasts)
Comestibles
 c - 17 bread rations {@e1}
 q - 2 meat rations {@e2}
 s - 12 royal jellies
 H - 15 chunks of flesh {@w0}


   Skills:
 + Level 12.2 Fighting
 * Level 18.7 Axes
 + Level 12.2 Armour
 - Level 2.1 Dodging


You had 11 spell levels left.
You didn't know any spells.

Dungeon Overview and Level Annotations

Branches:
Dungeon (10/15)            Temple (0/1) D:4            Lair (2/6) D:10
 Shoals (0/4) Lair:2        Snake (0/4) Lair:2          Orc (0/2) D:9

Altars:
Cheibriados
Nemelex Xobeh
Okawaru
Qazlal
Ru
Trog
Uskayaw
Vehumet
Yredelemnul

Shops:
D:4 =   D:10 !

Annotations:
Lair:2 exclusion: 2 oklob plants


Innate Abilities, Weirdness & Mutations

You reflexively headbutt those who attack you in melee.
You have a pair of horns on your head.


Message History

The queen ant stings you.
You are poisoned.
The queen ant poisons you!
You take 1 damage, and have 68/112 hp.
A red film seems to cover your vision as you go berserk!
You feel yourself moving faster!
You feel mighty!
You are feeling hungry.
You feel very sick. The spiny frog closely misses you.
The worker ant bites you but does no damage.
The queen ant stings you.
You are lethally poisoned!
The queen ant poisons you!
The spiny frog stings you but does no damage.
A worker ant comes into view.
You now have 92/168 hp.
You barely miss the spiny frog.
The worker ant twitches its antennae in your direction.
You headbutt the spiny frog! You barely miss the queen ant.
Your plate armour prevents you from hitting the worker ant.
You feel very sick. The worker ant misses you.
The queen ant stings you but does no damage.
You take 4 damage, and have 88/168 hp.
You completely miss the spiny frog.
Your plate armour prevents you from hitting the queen ant.
You barely miss the worker ant.
You feel very sick. The spiny frog stings you! The worker ant bites you.
You are more poisoned.
The worker ant poisons you!
You take 18 damage, and have 70/168 hp.
You slice the spiny frog!!
You kill the spiny frog!
Trog accepts your kill.
You slash the queen ant!
Your plate armour prevents you from hitting the worker ant.
You feel very sick.
You take 3 damage, and have 67/168 hp.
You hit the queen ant but do no damage. You headbutt the queen ant!
You completely miss the worker ant.
You feel very sick. The queen ant stings you!
You are more poisoned.
The queen ant poisons you! The worker ant barely misses you.
You furiously retaliate!
You headbutt the worker ant!
You kill the worker ant!
Trog accepts your kill.
You take 14 damage, and have 53/168 hp.
You slice the queen ant!!
* * * LOW HITPOINT WARNING * * *
You feel very sick.
A wolf comes into view.
You take 4 damage, and have 49/168 hp.
The wolf howls!
You open the queen ant like a pillowcase!!!
You kill the queen ant!
Trog accepts your kill.
* * * LOW HITPOINT WARNING * * *
You feel very sick.
The wolf moves out of view.
You take 5 damage, and have 44/168 hp.
* * * LOW HITPOINT WARNING * * *
You feel extremely sick.
A killer bee comes into view.
You take 6 damage, and have 38/168 hp.
The killer bee buzzes angrily.
You slash the worker ant! You headbutt the worker ant.
* * * LOW HITPOINT WARNING * * *
You feel very sick. The worker ant barely misses you.
You take 5 damage, and have 33/168 hp.
You barely miss the worker ant.
* * * LOW HITPOINT WARNING * * *
You feel very sick.
You take 5 damage, and have 28/168 hp.
You chop the worker ant into pieces!!!
You kill the worker ant!
Trog accepts your kill.
* * * LOW HITPOINT WARNING * * *
You feel very sick.
You take 4 damage, and have 24/168 hp.
* * * LOW HITPOINT WARNING * * *
You feel very sick.
The killer bee stings you but does no damage.
You take 6 damage, and have 18/168 hp.
You slice the killer bee!!
You kill the killer bee!
Trog accepts your kill.
* * * LOW HITPOINT WARNING * * *
You feel very sick.
You take 4 damage, and have 14/168 hp.
* * * LOW HITPOINT WARNING * * *
You feel very sick.
You take 5 damage, and have 9/168 hp.
You feel a strong urge to attack something.
You are no longer berserk.
You are exhausted.
You feel yourself slow down.
You die...

....#.............#....##........
...........#.....##...####.#..#..
............#..>.P#...P# ##÷.#.#.
.................##....#####'.##.
...#........##.P###..............
.............######..............
.................................
.................................
.............†..@h...............
...........#'††#.................
##..#.....##.††#####........<....
....#...###..#.. #.............
...>...##...###.. #.............
.......#.... ... #.............
......###.. ...###............
....####.. .#.. ##...........
....# ..# ###.. ##..........


You could see a wolf.

Vanquished Creatures
  3 hydras
  The ghost of shwouchk the Blocker, a journeyman FoFi of Okawaru (D:10)
  Erica (Lair:2)
  2 two-headed ogres (D:8)
  A queen ant (Lair:2)
  An unseen horror (D:10)
  Pikel (D:5)
  A deep elf mage (D:9)
  A manticore (D:9)
  5 spiny frogs
  2 komodo dragons
  A queen bee (Lair:1)
  A troll (D:9)
  5 blink frogs (Lair:1)
  Grinder (D:3)
  4 hippogriffs
  A spriggan (D:7)
  Sigmund (D:5)
  5 wyverns
  11 yaks
  2 humans (D:8)
  2 hungry ghosts
  5 soldier ants (Lair:2)
  7 water moccasins
  9 porcupines
  A sky beast (D:4)
  3 black bears
  4 orc warriors (D:9)
  An ice beast (D:5)
  3 phantoms
  5 ogres
  8 wolves (Lair:2)
  2 centaurs (D:10)
  9 crocodiles
  7 big kobolds
  9 bullfrogs
  A gnoll sergeant (D:9)
  2 wyvern skeletons
  A scorpion (D:6)
  A water moccasin skeleton (D:8)
  66 killer bees
  A howler monkey (D:4)
  5 crimson imps
  3 jellies
  3 hounds
  3 quasits
  Crazy Yiuf (D:3)
  A centaur skeleton (D:8)
  A gnoll shaman (D:8)
  5 orc priests
  7 orc wizards
  3 bullfrog skeletons
  2 iguanas
  Ijyb (D:3)
  26 worker ants
  A killer bee zombie (D:5)
  A big kobold zombie (Ossuary)
  3 hound skeletons
  A hound zombie (D:8)
  8 mummies (Ossuary)
  A worker ant zombie (D:9)
  Robin (D:3)
  18 gnolls
  6 adders
  A howler monkey skeleton (D:4)
  A shadow imp (D:9)
  An ooze (D:2)
  2 adder zombies
  7 worms
  4 dart slugs
  7 leopard geckos
  40 orcs
  8 giant cockroaches
  A gnoll zombie (Ossuary)
  15 goblins
  13 hobgoblins
  13 jackals
  2 quokkas (D:9)
  3 ball pythons
  7 bats
  3 frilled lizards
  A giant cockroach zombie (D:6)
  2 hobgoblin zombies (Ossuary)
  31 kobolds
  2 kobold zombies (Ossuary)
  A leopard gecko skeleton (D:5)
  2 orc zombies (Ossuary)
  2 quokka skeletons
  12 rats
  A spectral orc (D:8)
  A fungus (D:10)
  2 plants
484 creatures vanquished.

Vanquished Creatures (others)
  2 iguanas
  A howler monkey zombie (D:9)
  35 fungi
  6 plants
44 creatures vanquished.

Grand Total: 528 creatures vanquished

Notes
Turn   | Place    | Note
-------+----------+-------------------------------------------
     0 | D:1      | drasked the Minotaur Berserker began the quest for the Orb.
     0 | D:1      | Reached XP level 1. HP: 19/19 MP: 0/0
   492 | D:1      | Reached XP level 2. HP: 21/27 MP: 1/1
   591 | D:1      | Reached skill level 4 in Axes
   712 | D:1      | Reached skill level 3 in Armour
   739 | D:1      | Reached skill level 4 in Fighting
   930 | D:1      | Reached ** piety under Trog
   945 | D:1      | Reached XP level 3. HP: 28/33 MP: 2/2
  1527 | D:2      | Found a bloodstained altar of Trog.
  1583 | D:2      | Reached skill level 5 in Axes
  1584 | D:2      | Reached XP level 4. HP: 39/40 MP: 3/3
  1843 | D:2      | Reached skill level 6 in Axes
  1851 | D:2      | Reached XP level 5. HP: 46/46 MP: 4/4
  2044 | D:2      | Reached *** piety under Trog
  2051 | D:2      | Reached skill level 7 in Axes
  2733 | D:3      | Noticed Robin
  2750 | D:3      | Killed Robin
  2925 | D:3      | Found a runed door.
  2984 | D:3      | Noticed Ijyb
  2991 | D:3      | Reached XP level 6. HP: 52/52 MP: 5/5
  2995 | D:3      | Killed Ijyb
  3058 | D:3      | Reached skill level 8 in Axes
  3216 | D:3      | Noticed Grinder
  3224 | D:3      | Killed Grinder
  3224 | D:3      | Reached skill level 9 in Axes
  3224 | D:3      | Reached XP level 7. HP: 56/59 MP: 6/6
  3696 | D:3      | Noticed Crazy Yiuf
  3700 | D:3      | Killed Crazy Yiuf
  4002 | D:4      | Reached skill level 10 in Axes
  4216 | D:4      | Found a staircase to the Ecumenical Temple.
  4336 | D:4      | Found Ciuffusk's Jewellery Boutique.
  4495 | D:4      | Reached **** piety under Trog
  5088 | D:5      | Entered Level 5 of the Dungeon
  5152 | D:5      | Noticed Sigmund
  5158 | D:5      | Killed Sigmund
  5158 | D:5      | Reached skill level 11 in Axes
  5158 | D:5      | Reached XP level 8. HP: 66/66 MP: 7/7
  5430 | D:3      | Found a sparkling altar of Nemelex Xobeh.
  5682 | D:5      | Noticed Pikel
  5692 | D:5      | Killed Pikel
  5692 | D:5      | Reached skill level 5 in Fighting
  5692 | D:5      | Reached skill level 12 in Axes
  5692 | D:5      | Reached skill level 4 in Armour
  5903 | D:5      | Found a stormy altar of Qazlal.
  6008 | D:5      | Reached skill level 5 in Armour
  6355 | D:6      | Reached XP level 9. HP: 74/74 MP: 8/8
  7033 | D:7      | Found a sand-covered staircase.
  7041 | Ossuary  | Entered an ossuary
  7072 | Ossuary  | Reached skill level 6 in Fighting
  7072 | Ossuary  | Reached skill level 13 in Axes
  7248 | Ossuary  | Reached ***** piety under Trog
  7791 | D:7      | Found a hide-covered altar of Uskayaw.
  7791 | D:7      | Noticed a hand axe
  7792 | D:7      | Noticed a dagger
  7930 | D:7      | Reached skill level 6 in Armour
  8163 | D:8      | Reached skill level 7 in Fighting
  8299 | D:8      | Reached skill level 14 in Axes
  8606 | D:8      | Found an iron altar of Okawaru.
  8620 | D:8      | Reached skill level 7 in Armour
  8637 | D:8      | Reached XP level 10. HP: 63/88 MP: 9/9
  8832 | D:8      | Noticed a two-headed ogre
  8840 | D:8      | Killed a two-headed ogre
  8840 | D:8      | Reached skill level 8 in Fighting
  9253 | D:8      | Noticed a two-headed ogre
  9257 | D:8      | Killed a two-headed ogre
  9257 | D:8      | Reached skill level 8 in Armour
  9397 | D:8      | Found a basalt altar of Yredelemnul.
  9630 | D:9      | Reached skill level 15 in Axes
  9964 | D:9      | Noticed a manticore
  9971 | D:9      | Killed a manticore
  9971 | D:9      | Reached skill level 9 in Fighting
 10027 | D:9      | Found a radiant altar of Vehumet.
 10215 | D:9      | Found a snail-covered altar of Cheibriados.
 10330 | D:9      | Reached ****** piety under Trog
 10330 | D:9      | Reached XP level 11. HP: 84/97 MP: 10/10
 10551 | D:9      | Noticed a deep elf mage
 10558 | D:9      | Killed a deep elf mage
 10558 | D:9      | Reached skill level 9 in Armour
 10602 | D:9      | Found a sacrificial altar of Ru.
 10707 | D:9      | Found a staircase to the Orcish Mines.
 10722 | D:9      | Received a gift from Trog
 10730 | D:9      | Reached skill level 16 in Axes
 10774 | D:9      | HP: 20/99 [/a scroll of torment (18)]
 11531 | D:10     | Entered Level 10 of the Dungeon
 11546 | D:10     | Found Tawah's Distillery.
 11554 | D:10     | Bought a potion of degeneration for 13 gold pieces
 11554 | D:10     | Bought a potion of flight for 39 gold pieces
 11554 | D:10     | Bought a potion of agility for 52 gold pieces
 11554 | D:10     | Bought a potion of mutation for 32 gold pieces
 11673 | D:10     | Noticed shwouchk's ghost (journeyman FoFi)
 11682 | D:10     | Killed shwouchk's ghost
 11682 | D:10     | Reached skill level 10 in Fighting
 11987 | D:10     | HP: 25/100 [porcupine's spines (8)]
 12314 | D:10     | Found a staircase to the Lair.
 12493 | D:10     | Received a gift from Trog
 12576 | D:10     | Killed an unseen horror
 12576 | D:10     | Reached skill level 10 in Armour
 12863 | Lair:1   | Entered Level 1 of the Lair of Beasts
 12906 | Lair:1   | Noticed a seven-headed hydra
 12915 | Lair:1   | Killed an 11-headed hydra
 13102 | Lair:1   | Reached skill level 17 in Axes
 13465 | Lair:1   | Reached XP level 12. HP: 76/108 MP: 3/11
 13841 | Lair:1   | Reached skill level 11 in Fighting
 13993 | Lair:1   | Reached skill level 11 in Armour
 14390 | Lair:1   | Noticed a four-headed hydra
 14404 | Lair:1   | Killed an 11-headed hydra
 14591 | Lair:1   | Received a gift from Trog
 14689 | Lair:2   | Found a staircase to the Snake Pit.
 14796 | Lair:2   | Received a gift from Trog
 14924 | Lair:2   | Reached skill level 18 in Axes
 15274 | Lair:2   | Found a staircase to the Shoals.
 15301 | Lair:2   | Noticed Erica
 15308 | Lair:2   | Killed Erica
 15387 | Lair:2   | Noticed a five-headed hydra
 15397 | Lair:2   | Killed an eight-headed hydra
 15842 | Lair:2   | Reached skill level 12 in Fighting
 15845 | Lair:2   | Reached skill level 12 in Armour
 15986 | Lair:2   | Noticed a queen ant
 16001 | Lair:2   | Killed a queen ant
 16002 | Lair:2   | HP: 38/168 [poisoned by a queen ant]
 16006 | Lair:2   | HP: 18/168 [poisoned by a queen ant]
 16009 | Lair:2   | Succumbed to a queen ant's poison

Vault maps used:
D:1:      dpeg_arrival_radiant
D:2:      bloody_trog
D:3:      nicolae_overflow_hidden_temple, uniq_grinder, uniq_crazy_yiuf_cottage,
          uniq_iyjb, uniq_robin
D:4:      minmay_temple_entry_large_hall, first_bread, serial_bayou,
          serial_bayou_shore_a, serial_bayou_pond_a, serial_bayou_pond_b,
          serial_bayou_ford_a, serial_shops, shop
D:5:      old_standard_altar, uniq_pikel, uniq_sigmund
D:6:      lemuel_ice_spiral_2
D:7:      dancing_weapons_uskayaw, enter_ossuary_1, the_bakery, kennysheep_nub
D:8:      yredelemnul_forgotten_temple_becter, okawaru_humans
D:9:      nicolae_ru_path_of_blood, fiery_altar_vehumet,
          kennysheep_orc_monster_closet_entryway, grunt_ministairs_11,
          minivault_20, cheibrodos_worm_habitat
D:10:     due_lair_maze_entry_diamond, serial_shops, shop_fountains
Lair:1:   special_room
Lair:2:   regret_index_harrowing_hell_hive, shoals_dummy_entry,
          zaba_antful_of_joy, infiniplex_staircase_pool_2, uniq_erica
Ossuary:  ossuary_tomb_3

Skill      XL: |  1  2  3  4  5  6  7  8  9 10 11 12 |
---------------+-------------------------------------+-----
Axes           | 4 5 6 7 9 11 12 14 15 17 18 | 18.7
Armour         | 3 5 7 8 10 12 | 12.2
Fighting       | 4 5 7 9 10 12 | 12.2
Dodging        | |  2.1

Action                   |  1- 3 |  4- 6 |  7- 9 | 10-12 || total
-------------------------+-------+-------+-------+-------++-------
Melee: Hand axe          |    83 |   123 |   428 |   245 ||   879
       Headbutt          |    11 |    23 |    74 |   120 ||   228
       War axe           |       |     8 |       |       ||     8
       Battleaxe         |       |       |       |   391 ||   391
Invok: Berserk           |     1 |     5 |     7 |    18 ||    31
       Burn Spellbooks   |       |       |       |     1 ||     1
Evoke: Wand              |       |       |       |     1 ||     1
  Use: Potion            |       |       |       |     1 ||     1
       Scroll            |       |       |       |    17 ||    17
 Stab: Sleeping          |     3 |       |       |       ||     3
  Eat: Chunk             |     2 |     5 |    21 |    27 ||    55
       Meat ration       |       |     1 |       |     1 ||     2
       Royal jelly       |       |       |     2 |     3 ||     5
       Fruit             |       |       |       |     4 ||     4
Armor: Animal skin       |    11 |    15 |    12 |       ||    38
       Chain mail        |       |       |   107 |   112 ||   219
       Plate armour      |       |       |       |   270 ||   270
Dodge: Dodged            |    35 |    96 |   145 |   286 ||   562

Vault maps used:
D:1:      dpeg_arrival_radiant
D:2:      bloody_trog
D:3:      nicolae_overflow_hidden_temple, uniq_grinder, uniq_crazy_yiuf_cottage,
          uniq_iyjb, uniq_robin
D:4:      minmay_temple_entry_large_hall, first_bread, serial_bayou,
          serial_bayou_shore_a, serial_bayou_pond_a, serial_bayou_pond_b,
          serial_bayou_ford_a, serial_shops, shop
D:5:      old_standard_altar, uniq_pikel, uniq_sigmund
D:6:      lemuel_ice_spiral_2
D:7:      dancing_weapons_uskayaw, enter_ossuary_1, the_bakery, kennysheep_nub
D:8:      yredelemnul_forgotten_temple_becter, okawaru_humans
D:9:      nicolae_ru_path_of_blood, fiery_altar_vehumet,
          kennysheep_orc_monster_closet_entryway, grunt_ministairs_11,
          minivault_20, cheibrodos_worm_habitat
D:10:     due_lair_maze_entry_diamond, serial_shops, shop_fountains
Lair:1:   special_room
Lair:2:   regret_index_harrowing_hell_hive, shoals_dummy_entry,
          zaba_antful_of_joy, infiniplex_staircase_pool_2, uniq_erica
Ossuary:  ossuary_tomb_3

Table legend:
 A = Turns spent in this place as a percentage of turns spent in the entire game.
 B = Non-inter-level travel turns spent in this place as a percentage of non-inter-level travel turns spent in the entire game.
 C = Inter-level travel turns spent in this place as a percentage of turns spent in this place.
 D = Turns resting spent in this place as a percentage of non-inter-level travel turns spent in this place.
 E = Turns spent auto-exploring this place as a percentage of non-inter-level travel turns spent in this place.
 F = Non-inter-level travel turns spent in this place divided by the number of levels of this place that you've seen.
                   A       B       C       D       E      F
               +-------+-------+-------+-------+-------+----------------------
         Total | 100.0 | 100.0 |   0.4 |   5.0 |   7.3 | 402.8
       Dungeon |  77.8 |  77.7 |   0.5 |   4.5 |   7.6 | 406.9
          Lair |  19.5 |  19.5 |   0.1 |   6.7 |   5.4 | 511.0
       Ossuary |   2.8 |   2.8 |   0.0 |   5.5 |  13.0 | 146.0
               +-------+-------+-------+-------+-------+----------------------

Table legend:
 A = Kills in this place as a percentage of kills in entire the game.
 B = Kills by you in this place as a percentage of kills by you in the entire game.
 C = Kills by friends in this place as a percentage of kills by friends in the entire game.
 D = Other kills in this place as a percentage of other kills in the entire game.
 E = Experience gained in this place as a percentage of experience gained in the entire game.
 F = Experience gained in this place divided by the number of levels of this place that you have seen.
                   A       B       C       D       E      F
               +-------+-------+-------+-------+-------+----------------------
         Total | 100.0 | 100.0 |  -nan |  -nan | 100.0 | 2839.1
       Dungeon |  71.1 |  71.1 |  -nan |  -nan |  46.6 | 1719.7
          Lair |  25.6 |  25.6 |  -nan |  -nan |  52.9 | 9766.0
       Ossuary |   3.3 |   3.3 |  -nan |  -nan |   0.5 | 179.0
               +-------+-------+-------+-------+-------+----------------------
